 Dungeon Sprint DCSS version 0.30.1 (webtiles) character file.

Game seed: 4354256582766443242

48 boopmooplesden the Spear-Bearer (level 7, -3/64 HPs)
             Began as a Demonspawn Berserker on July 8, 2023.
             Was an Elder of Trog.
             Slain by an orc warrior
             ... wielding a +0 halberd
              (5 damage)
             ... in the Dungeon (Sprint VI: "Thunderdome").
             The game lasted 00:02:14 (240 turns).

boopmooplesden the Spear-Bearer (DsBe)               Turns: 240, Time: 00:02:14

Health: -3/64      AC: 12    Str: 25    XL:     7   Next: 12%
Magic:  7/7        EV: 13    Int: 10    God:    Trog [****..]
Gold:   145        SH:  0    Dex: 17    Spells: 6/6 levels left

rFire   + + .        q - +0 halberd
rCold   . . .        (shield currently unavailable)
rNeg    . . .        p - +1 scale mail {rC+}
rPois   .            (no helmet)
rElec   .            (no cloak)
rCorr   .            (no gloves)
SInv    .            (no boots)
Will    .....        o - amulet of Vekeef {Regen+ Str+3 Dex+2}
Stlth   ++           m - ring "Haeces" {Fire Str+3 Int+2 Dex+2 Stlth+}
HPRegen 1.10/turn    n - ring "Sietivui" {rF+ AC+4 Slay+3}
MPRegen 0.10/turn

%: no teleportation
@: on berserk cooldown, hasted and slowed
A: demonic guardian 1, spiny 2, sturdy frame 1
a: Renounce Religion, Berserk, Trog's Hand, Brothers in Arms


You were in the Dungeon.
You worshipped Trog.
Trog was greatly pleased with you.
You visited 1 branch You collected 280 gold pieces.
You spent 135 gold pieces at shops.

Inventory:

Hand Weapons
 a - a +0 spear
 q - a +0 halberd (weapon)
Armour
 b - a +0 animal skin
 p - a +1 scale mail of cold resistance (worn)
Jewellery
 m - the ring "Haeces" (left hand) {Fire Str+3 Int+2 Dex+2 Stlth+}
   (You bought it in a shop in the Dungeon)

   [ring of fire]

   It enhances your fire magic.
   Str:       It affects your strength (+3).
   Int:       It affects your intelligence (+2).
   Dex:       It affects your dexterity (+2).
   rF:        It protects you from fire.
   rC:        It makes you vulnerable to cold.
   Stlth:     It makes you more stealthy.
 n - the ring "Sietivui" (right hand) {rF+ AC+4 Slay+3}
   (You bought it in a shop in the Dungeon)

   [ring of protection]

   AC:        It affects your AC (+4).
   Slay:      It affects your accuracy & damage with ranged weapons and melee
   (+3).
   rF:        It protects you from fire.
 o - the amulet of Vekeef (around neck) {Regen+ Str+3 Dex+2}
   (You bought it in a shop in the Dungeon)

   [amulet of regeneration]

   Str:       It affects your strength (+3).
   Dex:       It affects your dexterity (+2).
   Regen:     It increases your rate of health regeneration.
Wands
 i - a wand of iceblast (5)
 j - a wand of light (5)
Scrolls
 h - 4 scrolls of blinking
 k - 3 scrolls of fog
Potions
 c - a potion of curing
 d - a potion of heal wounds
 e - 3 potions of haste
 f - 2 potions of magic
 g - a potion of berserk rage
 l - 2 potions of resistance


   Skills:
 + Level 9.5 Fighting
 + Level 10.0 Polearms
 + Level 4.8 Armour
 + Level 4.5 Dodging
 + Level 0.5 Stealth


You had 6 spell levels left.
You didn't know any spells.
Your spell library was empty.

Dungeon Overview and Level Annotations

Branches:
Dungeon (1/1)

Altars:
Cheibriados
Dithmenos
Fedhas
Gozag
Kikubaaqudgha
Makhleb
Okawaru
Qazlal
Ru
Sif Muna
Trog
Uskayaw
Vehumet
Wu Jian
Xom
Yredelemnul
Lugonu

Shops:
D *[??*?*:[((!!!!


Innate Abilities, Weirdness & Mutations

A weak demonic guardian rushes to your aid.
You are mostly covered in sharp spines.
Your movements are slightly less encumbered by armour. (ER -2)


Message History

The orc warrior barely misses you.
You hit the orc warrior but do no damage.
The orc warrior is lightly wounded.
The orc warrior barely misses you.
The orc warrior hits you with a +0 dire flail!
You hit the orc warrior but do no damage.
The orc warrior is lightly wounded.
Something hits you but does no damage.
The orc warrior hits you with a +0 halberd!
The orc warrior misses you.
You closely miss the orc warrior.
The orc warrior is lightly wounded.
Something hits you but does no damage.
The orc warrior hits you with a +0 halberd!
* * * LOW HITPOINT WARNING * * *
A demonic guardian appears!
The orc warrior is struck by your spines.
You kill the orc warrior!
Trog accepts your kill.
Your Polearms skill increases to level 10!
You have reached level 7!
Your demonic ancestry asserts itself...
Sharp spines emerge from more of your body.
You slash something!
You hear some strange, mumbled words.
A puff of flame appears from out of thin air!
The puff of flame hits you but does no damage.
The orc warrior hits you but does no damage.
You miss something. Something hits you but does no damage.
The orc warrior hits you with a +0 halberd!
* * * LOW HITPOINT WARNING * * *
Unknown command.
You barely miss something. Something completely misses you.
The orc warrior is struck by your spines.
The orc warrior hits you with a +0 halberd!
* * * LOW HITPOINT WARNING * * *
You closely miss something. Something hits you.
* * * LOW HITPOINT WARNING * * *
The orc warrior hits you with a +0 halberd.
You die...

#_......._# #_......._#
###.........### #⌠...........⌠#
######.8.........8.######
##._._......###......___∩##
###∩........8.# #.8........∩###
#.....[.......###5............#
§..........###.)@###..........⌠
⌠..........# #.o{# #..........⌠
⌠..........###.).###..........⌠
#..........)..###.............#
###∩........8)# #.8........∩###
##∩___...†).###......__.∩##
######.8.........8.######
#⌠...........⌠# ###.........###


You could see an orc warrior (ally target) and a friendly quasit (summoned).

Vanquished Creatures
  3 orc warriors (D)
  A phantom (D)
  A wight (D)
  Jessica (D)
  Terence (D)
  2 adders (D)
  2 adder zombies (D)
  An endoplasm (D)
  A ball python zombie (D)
13 creatures vanquished.

Vanquished Creatures (collateral kills)
  An ogre (D)
1 creature vanquished.

Grand Total: 14 creatures vanquished

Notes
Turn   | Place    | Note
-------+----------+-------------------------------------------
     0 | D        | boopmooplesden the Demonspawn Berserker began the quest for
                  | the Orb.
     0 | D        | Reached XP level 1. HP: 18/18 MP: 1/1
     1 | D        | Found a stormy altar of Qazlal.
     1 | D        | Found a snail-covered altar of Cheibriados.
     2 | D        | Found a hide-covered altar of Uskayaw.
     3 | D        | Found a bloodstained altar of Trog.
     3 | D        | Found a shimmering blue altar of Sif Muna.
     4 | D        | Found an ancient bone altar of Kikubaaqudgha.
     4 | D        | Found a shimmering altar of Xom.
     4 | D        | Found Fotaes's Identification Station.
     5 | D        | Found Bipherim's Jewellery.
     5 | D        | Found Wofiwk's Advanced Armour.
     5 | D        | Round 1.
     6 | D        | Noticed Jessica
    15 | D        | Killed Jessica
    16 | D        | Reached skill level 4 in Polearms
    16 | D        | Gained mutation: A weak demonic guardian rushes to your
                  | aid. [demonic ancestry]
    16 | D        | Reached XP level 2. HP: 26/26 MP: 2/2
    20 | D        | Bought a translucent lapis lazuli ring for 45 gold pieces
    20 | D        | Identified the ring "Haeces" {Fire Str+3 Int+2 Dex+2
                  | Stlth+} (You bought it in a shop in the Dungeon)
    20 | D        | Bought a transparent lead ring for 45 gold pieces
    20 | D        | Identified the ring "Sietivui" {rF+ AC+4 Slay+3} (You
                  | bought it in a shop in the Dungeon)
    20 | D        | Bought a faintly glowing garnet amulet for 45 gold pieces
    20 | D        | Identified the amulet of Vekeef {Regen+ Str+3 Dex+2} (You
                  | bought it in a shop in the Dungeon)
    30 | D        | Found a basalt altar of Yredelemnul.
    40 | D        | Noticed Terence
    44 | D        | Found a burning altar of Makhleb.
    56 | D        | Killed Terence
    56 | D        | Reached ** piety under Trog
    57 | D        | Reached skill level 5 in Fighting
    57 | D        | Gained mutation: You are partially covered in sharp spines.
                  | [demonic ancestry]
    57 | D        | Reached XP level 3. HP: 24/33 MP: 3/3
    60 | D        | Reached skill level 5 in Polearms
    64 | D        | Found a corrupted altar of Lugonu.
    64 | D        | Found a blossoming altar of Fedhas.
    65 | D        | Found a sacrificial altar of Ru.
    67 | D        | Found Ujofin's Distillery.
    67 | D        | Found an iron altar of Okawaru.
    67 | D        | Found a shadowy altar of Dithmenos.
    67 | D        | Found Liach's Do-It-Yourself Clinic.
    68 | D        | Found Ihatteh's Distillery.
    68 | D        | Found Koshry's Bottled Wisdom.
    75 | D        | Found an opulent altar of Gozag.
    76 | D        | Found Juecraz's Weapon Rack.
    77 | D        | Found Ucvi's Basic Armour.
    77 | D        | Found Aneykhloe's Miscellaneous Merchandise.
    78 | D        | Found Viptah's Premium Goods.
   119 | D        | Gained mutation: Your movements are slightly less
                  | encumbered by armour. (ER -2) [demonic ancestry]
   119 | D        | Reached XP level 4. HP: 40/40 MP: 4/4
   126 | D        | Arena points: 12 (+12) [x2]
   127 | D        | Found an ornate altar of the Wu Jian Council.
   127 | D        | Found a radiant altar of Vehumet.
   143 | D        | Round 2.
   159 | D        | Reached skill level 6 in Polearms
   163 | D        | Noticed a phantom
   164 | D        | Reached *** piety under Trog
   174 | D        | Killed a phantom
   174 | D        | Reached **** piety under Trog
   175 | D        | Reached skill level 7 in Polearms
   175 | D        | Reached XP level 5. HP: 43/48 MP: 5/5
   180 | D        | Noticed a phantom
   182 | D        | Found Fablou's Staff Store.
   182 | D        | Found Yqokerap's Magic Scroll Shop.
   183 | D        | Found Fomezxoa's Must-Have Magic.
   183 | D        | Found Atwir's Magic Scroll Shop.
   187 | D        | Arena points: 48 (+36) [x3]
   202 | D        | Round 3.
   203 | D        | Noticed an orc warrior
   203 | D        | Noticed an orc warrior
   204 | D        | Noticed an ogre
   204 | D        | Noticed an orc warrior
   204 | D        | Noticed an orc warrior
   215 | D        | Killed an orc warrior
   216 | D        | Reached skill level 8 in Polearms
   216 | D        | Reached XP level 6. HP: 22/56 MP: 6/6
   224 | D        | Reached skill level 9 in Polearms
   228 | D        | Killed an orc warrior
   236 | D        | Killed an orc warrior
   237 | D        | Reached skill level 10 in Polearms
   237 | D        | Gained mutation: You are mostly covered in sharp spines.
                  | [demonic ancestry]
   237 | D        | Reached XP level 7. HP: 17/64 MP: 7/7
   239 | D        | HP: 3/64 [orc warrior/+0 halberd (11)]
   240 | D        | Slain by an orc warrior

Illustrated notes

Levels and vault maps discovered:
D:        arena_sprint

Skill      XL: |  1  2  3  4  5  6 |
---------------+-------------------+-----
Fighting       | 4 5 7 8 9 |  9.5
Polearms       | 4 5 7 8 10 | 10.0
Armour         | 2 3 4 |  4.8
Dodging        | 2 3 4 |  4.5
Stealth        | |  0.5

Action                     |  1- 3 |  4- 6 |  7- 9 || total
---------------------------+-------+-------+-------++-------
  Melee: Spear             |    19 |     9 |       ||    28
         Punch             |     1 |       |       ||     1
         Halberd           |       |    24 |     4 ||    28
 Invoke: Berserk           |     1 |     2 |       ||     3
    Use: Potion            |       |     4 |       ||     4
 Armour: Animal skin       |     7 |       |       ||     7
         Scale mail        |       |    12 |     3 ||    15
  Dodge: Dodged            |     9 |    26 |     1 ||    36
